 Dungeon Crawl Stone Soup version 0.30-a0-862-g1aabd4f9c5 (webtiles) character file.

Game seed: 812311812499886914

7 qeuew the Trooper (level 1, 0/18 HPs)
             Began as a Demonspawn Monk on Mar 8, 2023.
             Slain by Terence
             ... wielding a +0 hand axe
              (6 damage)
             ... on level 2 of the Dungeon.
             The game lasted 00:00:58 (818 turns).

qeuew the Trooper (Demonspawn Monk)                  Turns: 818, Time: 00:00:59

Health: 0/18       AC:  5    Str: 11    XL:     1   Next: 91%
Magic:  1/1        EV: 11    Int: 11    God:
Gold:   31         SH:  0    Dex: 15    Spells: 0/0 levels left

rFire   . . .      SeeInvis .    a - +0 mace
rCold   . . .      Faith    .    (no shield)
rNeg    . . .      Spirit   .    e - +0 ring mail
rPois   .          Reflect  .    (no helmet)
rElec   .          Rampage  .    (no cloak)
rCorr   .                        (no gloves)
Will    .....                    (no boots)
Stlth   +                        (no amulet)
HPRegen 0.23/turn                (no ring)
MPRegen 0.07/turn                (no ring)

@: no status effects
A: no striking features
a: no special abilities


You were on level 2 of the Dungeon.
You visited 1 branch of the dungeon, and saw 2 of its levels.

You collected 31 gold pieces.

Inventory:

Hand Weapons
 a - a +0 mace (weapon)
Armour
 e - a +0 ring mail (worn)


   Skills:
 + Level 3.0 Fighting
 * Level 2.8 Maces & Flails
 * Level 0.6 Armour
 + Level 2.8 Dodging
 - Level 1.7 Stealth


You couldn't memorise any spells.
You didn't know any spells.
Your spell library was empty.

Dungeon Overview and Level Annotations

Branches:
Dungeon (2/15)

Altars:

Annotations:
D:1 2 transporters
D:2 Terence


Message History

Terence is moderately wounded.
Terence barely misses you.
You are confused.
You feel invigorated. Terence hits you with a +0 hand axe.
You hit Terence.
Terence is heavily wounded.
Terence barely misses you.
You bump into the rock wall.
Terence closely misses you.
You bump into the rock wall.
Terence shouts, "Now you die!" Terence hits you with a +0 hand axe.
You closely miss Terence.
Terence is heavily wounded.
Terence barely misses you.
You bump into the rock wall.
Terence barely misses you.
You miss Terence.
Terence is heavily wounded.
Terence misses you. Terence hits you with a +0 hand axe.
You bump into the rock wall.
Terence closely misses you.
You bump into the rock wall.
Terence barely misses you.
You hit Terence but do no damage.
Terence is heavily wounded.
You feel less invigorated.
You feel less confused. Terence hits you with a +0 hand axe.
You closely miss Terence.
Terence is heavily wounded.
Terence hits you with a +0 hand axe!
* * * LOW HITPOINT WARNING * * *
You barely miss Terence.
Terence is heavily wounded.
Terence barely misses you.
You hit Terence.
Terence is heavily wounded.
Terence hits you but does no damage. Terence misses you.
You barely miss Terence.
Terence is heavily wounded.
Terence says, "Rest in peace."
Terence hits you with a +0 hand axe.
You die...

#≈≈ . #≈~#. ..~## ...
#.# ##<## #
#######...#####.
#####.###...............
#.....@@..###.#...####.#
#.###.###.# #.##.#####.#
#.....###...........
#####.....##.......#
#.############## ...#
#####


You could see Terence.

Vanquished Creatures
  A bat (D:1)
  2 endoplasms (D:1)
  A goblin (D:1)
  A hobgoblin (D:1)
  A rat (D:1)
6 creatures vanquished.

Notes
Turn   | Place    | Note
-------+----------+-------------------------------------------
     0 | D:1      | qeuew the Demonspawn Monk began the quest for the Orb.
     0 | D:1      | Reached XP level 1. HP: 18/18 MP: 1/1
   108 | D:1      | Found a faded altar of an unknown god.
   797 | D:2      | Noticed Terence
   818 | D:2      | Slain by Terence

Illustrated notes

Levels and vault maps discovered:
D:1:      spicycebolla_arrival_transporter_tutorial, layout_basic,
          basic_ecumenical_altar
D:2:      layout_loops_corners, fountainhead, grunt_ministairs_8,
          dreamdust_princess_corridor, kennysheep_cluttered_room,
          corexii_hall_statues_t, minmay_misc_feat_ornament, uniq_sigmund,
          uniq_terence, uniq_jessica, uniq_robin

Action                     || total
---------------------------++-------
  Melee: Mace              ||    29
    Use: Potion            ||     4
         Scroll            ||     3
 Armour: Ring mail         ||     8
         Robe              ||     1
  Dodge: Dodged            ||    19

Table legend: (Time is in decaauts)
 A = Elapsed time spent in this place.
 B = Non-inter-level travel time spent in this place.
 C = Inter-level travel time spent in this place.
 D = Time resting spent in this place.
 E = Time spent auto-exploring this place.
 F = Levels seen in this place.
 G = Mean time per level.
                   A        B        C        D        E       F      G
               +--------+--------+--------+--------+--------+-----+--------+
         Total |    825 |    724 |    101 |      0 |    625 |   2 |  412.5 |
       Dungeon |    825 |    724 |    101 |      0 |    625 |   2 |  412.5 |
               +--------+--------+--------+--------+--------+-----+--------+

Top non-repeatable levels by time:
     D:1: 783 daAuts
     D:2: 42 daAuts
